 Dungeon Crawl Stone Soup version 0.32-a0-975-g85d4e5bfdb (webtiles) character file.

Game seed: 14438736475582036853

607 Strat the Slasher (level 7, -3/53 HPs)
             Began as a Coglin Gladiator on Apr 19, 2024.
             Killed by nerve-wracking pain
             ... invoked by an orc priest
              (5 damage)
             ... on level 5 of the Dungeon.
             The game lasted 00:05:44 (3942 turns).

Strat the Slasher (Coglin Gladiator)                Turns: 3942, Time: 00:05:45

Health: -3/53      AC:  8    Str: 14    XL:     7   Next: 43%
Magic:  7/7        EV: 10    Int:  8    God:
Gold:   227        SH:  0    Dex: 17    Spells: 6/6 levels left

rFire   + . .        a - +0 long sword {Kaede}
rCold   + . .        f - +0 dagger {Navbir}
rNeg    . . .        k - +0 ring mail
rPois   +            c - +1 helmet
rElec   +            (no cloak)
rCorr   +            (no gloves)
SInv    .            s - +0 pair of boots
Will    .....        (amulet unavailable)
Stlth   +            (ring unavailable)
HPRegen 0.28/turn    (ring unavailable)
MPRegen 0.10/turn    (no gizmo)

%: no passive effects
@: resistant, revved
A: off-hand wielding, slow wielding, warmup strikes, no jewellery
a: Invent Gizmo, Convert to Beogh


You were on level 5 of the Dungeon.
You visited 1 branch of the dungeon, and saw 5 of its levels.

You collected 227 gold pieces.

Inventory:

Hand Weapons
 a - a +0 long sword (weapon) {Kaede}
 f - a +0 dagger (offhand) {Navbir}
 l - the +6 sling of Amorality {flame, Int+5}
   (You found it on level 2 of the Dungeon)

   Int+5:     It affects your intelligence (+5).
Missiles
 d - 3 throwing nets (quivered)
 e - a javelin
 n - 8 atropa-tipped darts
 p - 5 poisoned darts
Armour
 b - a +0 leather armour
 c - a +1 helmet (worn)
 k - a +0 ring mail (worn)
 s - a +0 pair of boots (worn)
Scrolls
 g - a scroll of teleportation
 h - a scroll of immolation {unknown}
 o - 2 scrolls of enchant armour
 r - 2 scrolls of revelation
 u - a scroll of amnesia {unknown}
 v - 2 scrolls of identify
Potions
 j - a potion of resistance
 m - a potion of enlightenment
 q - 4 potions of attraction
 t - a potion of magic {unknown}


   Skills:
 + Level 3.7 Fighting
 + Level 7.7 Long Blades
 - Level 1.7 Throwing
 - Level 2.6 Dodging


You had 6 spell levels left.
You didn't know any spells.
Your spell library contained the following spells:

 Spells                   Type           Power      Damage    Failure   Level
 Inner Flame              Hex/Fire       0%         N/A       95%         3
 Flame Wave               Conj/Fire      0%         2d4       100%        4
 Sticky Flame             Fire/Alch      0%         2d4       100%        4


Dungeon Overview and Level Annotations

Branches:
Dungeon (5/15)
 Temple: D:4-7

Altars:

Annotations:
D:5 2 transporters


Innate Abilities, Weirdness & Mutations

You can wield a second weapon in your off-hand.
It takes a long time for you to wield or remove held weapons.
Your first few attacks do less damage.
You cannot equip rings or amulets.


Message History

You hit the orc priest but do no damage.
The orc priest completely misses you.
You hit the orc priest but do no damage.
The orc priest is lightly wounded.
You barely miss the orc priest with your +0 dagger.
The orc priest threatens, "Beogh's wrath is as vast as their mercy.
Make your choice!"
You hit the orc priest with your +0 long sword.
The orc priest shouts, "The Pantheon deserves no one's loyalty.
Let us show you the true path!"
The orc priest is heavily wounded.
You closely miss the orc priest with your +0 dagger.
The orc priest begins to cast a cantrip, but forgets the words!
You hit the orc priest with your +0 long sword.
The orc priest is heavily wounded.
The orc priest shouts, "Beogh offers mercy even to people such as you.
Join us and be reborn!"
You hit the orc priest with your +0 dagger.
The orc priest looks satisfied for a moment.
You hit the orc priest with your +0 long sword.
The orc priest is severely wounded.
You hit the orc priest but do no damage.
The orc priest hits you but does no damage.
You closely miss the orc priest with your +0 dagger.
The orc priest is severely wounded.
You closely miss the orc priest with your +0 long sword.
The orc priest barely misses you.
You closely miss the orc priest with your +0 dagger.
The orc priest is severely wounded.
You closely miss the orc priest with your +0 long sword.
The orc priest shouts, "The Pantheon deserves no one's loyalty.
Let us show you the true path!"
The orc priest hits you with a +0 hand axe.
* * * LOW HITPOINT WARNING * * *
You hit the orc priest but do no damage.
The orc priest is severely wounded.
You closely miss the orc priest with your +0 dagger.
The orc priest hits you but does no damage.
You barely miss the orc priest with your +0 long sword.
The orc priest is severely wounded.
You hit the orc priest but do no damage.
The orc priest invokes the aid of Beogh against you.
Pain shoots through your body!
You die...

...#....###....##........##.
##...###..........>......
##....##...............##
#.....####...............
#.....#......#......##...
##...........#.......#...
##...#...#...............
#....#...#....#..#......#
###..###@#....####.....#.
#.## #)o.....# #.
###..#.#)....# . .
##.....##....#....
....©.............#
#########..)......#
#ß...YWß##....#....
......Ych#.#...#...
....©....#....## ..


You could see 2 yaks, a wraith, a centaur, a hound and an orc priest.

Vanquished Creatures
  A phantom (D:5)
  3 scorpions
  A jelly (D:4)
  2 orc priests
  A hound (D:5)
  2 orc wizards
  3 gnolls (D:5)
  6 adders
  4 dart slugs
  2 ribbon worms
  11 orcs
  9 ball pythons
  10 endoplasms
  3 giant cockroaches
  3 goblins
  5 hobgoblins
  3 quokkas
  4 bats
  4 frilled lizards
  6 kobolds
  6 rats
89 creatures vanquished.

Notes
Turn   | Place    | Note
-------+----------+-------------------------------------------
     0 | D:1      | Strat the Coglin Gladiator began the quest for the Orb.
     0 | D:1      | Reached XP level 1. HP: 16/16 MP: 1/1
   314 | D:1      | Reached XP level 2. HP: 22/22 MP: 2/2
   821 | D:2      | Identified the +6 sling of Amorality {flame, Int+5}
   839 | D:2      | Reached skill level 4 in Long Blades
   839 | D:2      | Reached XP level 3. HP: 19/27 MP: 3/3
  1276 | D:2      | Reached XP level 4. HP: 33/33 MP: 4/4
  1683 | D:3      | Reached skill level 5 in Long Blades
  2013 | D:3      | Reached XP level 5. HP: 37/38 MP: 5/5
  2541 | D:4      | Reached skill level 6 in Long Blades
  2657 | D:4      | Reached XP level 6. HP: 26/44 MP: 6/6
  2836 | D:4      | Reached skill level 7 in Long Blades
  3467 | D:5      | Entered Level 5 of the Dungeon
  3592 | D:5      | Reached XP level 7. HP: 40/52 MP: 7/7
  3663 | D:5      | Identified the +0 robe of the Dull Zebra {rN+}
  3890 | D:5      | Found a transporter.
  3912 | D:5      | Noticed a wraith
  3918 | D:5      | Noticed a yak
  3918 | D:5      | Noticed a yak
  3921 | D:5      | Found a transporter.
  3940 | D:5      | HP: 1/53 [orc priest/+0 hand axe (5)]
  3942 | D:5      | Killed from afar by an orc priest

Illustrated notes

Levels and vault maps discovered:
D:1:      saegor_arrival_simple_e, layout_basic, serial_bayou,
          serial_bayou_lake_a, serial_bayou_ford_a, serial_bayou_lagoon_b,
          serial_bayou_pond_a, minmay_strange_pillars, serial_bayou_lagoon_a
D:2:      layout_loops_ring, due_unseen_surprise
D:3:      layout_basic, serial_bayou, serial_bayou_crossing,
          serial_bayou_pond_c, serial_bayou_shore_b, serial_bayou_shore_a,
          serial_bayou_shore_b, serial_bayou_pond_e, st_stairs_5
D:4:      layout_loops_ring, nicolae_nh_ransacked_shop
D:5:      layout_cave_pools, gammafunk_temple_overflow_arena,
          minmay_temple_entry_antechambers, minmay_misc_feat_alley

Skill      XL: |  1  2  3  4  5  6 |
---------------+-------------------+-----
Long Blades    | 4 5 6 7 |  7.7
Fighting       | 3 |  3.7
Throwing       | |  1.7
Dodging        | |  2.6

Action                     |  1- 3 |  4- 6 |  7- 9 || total
---------------------------+-------+-------+-------++-------
  Melee: Long sword        |    69 |   136 |    47 ||   252
         Dagger            |    63 |   118 |    42 ||   223
    Use: Scroll            |       |     9 |       ||     9
         Potion            |       |       |     3 ||     3
 Armour: Leather armour    |    17 |       |       ||    17
         Ring mail         |    23 |    71 |    47 ||   141
  Dodge: Dodged            |    27 |    68 |    24 ||   119

Table legend: (Time is in decaauts)
 A = Elapsed time spent in this place.
 B = Non-inter-level travel time spent in this place.
 C = Inter-level travel time spent in this place.
 D = Time resting spent in this place.
 E = Time spent auto-exploring this place.
 F = Levels seen in this place.
 G = Mean time per level.
                   A        B        C        D        E       F      G
               +--------+--------+--------+--------+--------+-----+--------+
         Total |   4011 |   3842 |    169 |    369 |   2705 |   5 |  802.2 |
       Dungeon |   4011 |   3842 |    169 |    369 |   2705 |   5 |  802.2 |
               +--------+--------+--------+--------+--------+-----+--------+

Top non-repeatable levels by time:
     D:4: 1110 daAuts
     D:3: 909 daAuts
     D:1: 868 daAuts
     D:2: 656 daAuts
     D:5: 467 daAuts
